MLB
PITTSBURGH PIRATES @ ARIZONA DIAMONDBACKS
03/19/2030
 
TOP OF THE 1ST
Pittsburgh Pirates batting - Pitching for Arizona Diamondbacks : LHP Mike Rogers
Pitching: LHP Mike Rogers
Batting: RHB Josh Krystosek 0-0: Ball
1-0: Called Strike
1-1: Ball
2-1: Called Strike
2-2: Ball
3-2: Base on Balls
Batting: SHB Ketel Marte 0-0: Ball
1-0: Ball
2-0: Ball
3-0: SINGLE (Groundball, 34D, EV 107.5 MPH)
Josh Krystosek to second
Runner from 2nd tries for 3rd, SAFE, no throw by RF
Batting: RHB Darryl Palmer 0-0: Called Strike
0-1: SINGLE (Line Drive, 9S, EV 105.0 MPH)
Josh Krystosek scores
Ketel Marte to second
Batting: RHB Danny Beza 0-0: Called Strike
0-1: Foul Ball, location: 23FF
0-2: Ball
1-2: Fly out, F8 (Flyball, 8LXD, EV 108.8 MPH)
Runner from 2nd tags up, SAFE at 3rd, no throw by CF
Batting: SHB Ronny Mauricio 0-0: Ball
1-0: SINGLE (Groundball, 3D, EV 108.8 MPH)
Ketel Marte scores
Darryl Palmer to second
Runner from 2nd tries for 3rd, SAFE, no throw by RF
Batting: SHB Randy Bollinger 0-0: SINGLE (Groundball, 6MS, EV 66.9 MPH) (infield hit)
Darryl Palmer scores
Ronny Mauricio to second
Batting: LHB Danny Crousse 0-0: Ball
1-0: Called Strike
1-1: Swinging Strike
1-2: Strikes out looking
Batting: RHB Cam Gallagher 0-0: Foul Ball, location: 2F
0-1: Ball
1-1: Ball
2-1: SINGLE (Groundball, 6MD, EV 106.9 MPH)
Ronny Mauricio to third
Randy Bollinger to second
Runner from 3rd tries for Home, SAFE, throw by CF to home
Now in CF: Jim Mata
Batting: RHB Micah Carnes 0-0: SINGLE (Line Drive, 9S, EV 104.4 MPH)
Randy Bollinger to third
Cam Gallagher to second
Runner from 3rd tries for Home, SAFE, throw by RF to home
Batting: RHB Josh Krystosek 0-0: Ball
1-0: Ball
2-0: Ball
3-0: Base on Balls
Cam Gallagher to third
Micah Carnes to second
Pitching: LHP Chris Hein
Batting: SHB Ketel Marte 0-0: Fielders Choice at 2nd, 6-4 (Groundball, 6, EV 85.6 MPH)
Top of the 1st over - 5 runs, 6 hits, 0 errors, 3 left on base; Pittsburgh 5 - Arizona 0
BOTTOM OF THE 1ST
Arizona Diamondbacks batting - Pitching for Pittsburgh Pirates : LHP Marc Brower
Pitching: LHP Marc Brower
Batting: LHB Jim Mata 0-0: Fly out, F7 (Flyball, 78S, EV 80.0 MPH)
Batting: LHB Andy Lewis 0-0: Ball
1-0: Foul Ball, location: 7LSF
1-1: SINGLE (Groundball, 4MD, EV 103.8 MPH)
Batting: LHB Willie Cisneros 0-0: Swinging Strike
0-1: Ball
1-1: Ball
2-1: Foul Ball, location: 2F
2-2: Strikes out swinging
Batting: RHB Mike Ruiz 0-0: Ball
1-0: Foul Ball, location: 5F
1-1: Ball
2-1: Swinging Strike
2-2: Ball
3-2: Base on Balls
Andy Lewis to second
Batting: RHB Chris Scheffer 0-0: Called Strike
0-1: Fly out, F9 (Line Drive, 89M, EV 92.5 MPH)
Bottom of the 1st over - 0 runs, 1 hit, 0 errors, 2 left on base; Pittsburgh 5 - Arizona 0
TOP OF THE 2ND
Pittsburgh Pirates batting - Pitching for Arizona Diamondbacks : LHP Chris Hein
Pitching: RHP Steve Kilbane
Batting: RHB Darryl Palmer 0-0: Swinging Strike
0-1: Ball
1-1: Foul Ball, location: 5FF
1-2: Ground out 5-3 (Groundball, 56, EV 86.3 MPH)
Batting: RHB Danny Beza 0-0: Ball
1-0: Called Strike
1-1: Called Strike
1-2: DOUBLE (Line Drive, 89M, EV 98.1 MPH)
Batting: SHB Ronny Mauricio 0-0: Ball
1-0: Swinging Strike
1-1: Swinging Strike
1-2: Strikes out swinging
Batting: SHB Randy Bollinger 0-0: Called Strike
0-1: Ball
1-1: Swinging Strike
1-2: Foul Ball, location: 7LDF
1-2: Ball
2-2: Foul Ball, location: 23F
2-2: Foul Ball, location: 7LMF
2-2: Foul Ball, location: 5FF
2-2: Ball
3-2: Base on Balls
Batting: LHB Danny Crousse 0-0: Called Strike
0-1: Ground out U3 (Groundball, 3, EV 86.9 MPH)
Top of the 2nd over - 0 runs, 1 hit, 0 errors, 2 left on base; Pittsburgh 5 - Arizona 0
BOTTOM OF THE 2ND
Arizona Diamondbacks batting - Pitching for Pittsburgh Pirates : LHP Marc Brower
Batting: RHB Julio Bonilla 0-0: Called Strike
0-1: Foul Ball, location: 2F
0-2: Ball
1-2: Ball
2-2: Ground out 5-3 (Groundball, 56S, EV 68.8 MPH)
Batting: RHB Trevor Story 0-0: Ball
1-0: Ball
2-0: Called Strike
2-1: Foul Ball, location: 2F
2-2: Strikes out swinging
Batting: LHB Corey Seager 0-0: Ball
1-0: Ground out 4-3 (Groundball, 4, EV 89.4 MPH)
Bottom of the 2nd over - 0 runs, 0 hits, 0 errors, 0 left on base; Pittsburgh 5 - Arizona 0
TOP OF THE 3RD
Pittsburgh Pirates batting - Pitching for Arizona Diamondbacks : RHP Steve Kilbane
Batting: RHB Cam Gallagher 0-0: Ball
1-0: Called Strike
1-1: Ground out 6-3 (Groundball, 6, EV 80.6 MPH)
Batting: RHB Micah Carnes 0-0: Ball
1-0: Called Strike
1-1: Ground out 5-3 (Groundball, 5, EV 104.4 MPH)
Batting: RHB Josh Krystosek 0-0: Called Strike
0-1: Called Strike
0-2: Ball
1-2: Ball
2-2: Foul Ball, location: 25F
2-2: SINGLE (Line Drive, 7S, EV 92.5 MPH)
Batting: SHB Ketel Marte 0-0: DOUBLE (Line Drive, 7LD, EV 105.0 MPH)
Josh Krystosek to third
Runner from 3rd tries for Home, SAFE, no throw by LF
Batting: LHB Bill Perez 0-0: Foul Ball, location: 7LMF
0-1: Foul Ball, location: 2F
0-2: Strikes out looking
Top of the 3rd over - 1 run, 2 hits, 0 errors, 1 left on base; Pittsburgh 6 - Arizona 0
BOTTOM OF THE 3RD
Arizona Diamondbacks batting - Pitching for Pittsburgh Pirates : LHP Marc Brower
Batting: LHB Alex Masters 0-0: SINGLE (Groundball, 56, EV 80.6 MPH)
Batting: LHB Jim Mata 0-0: Ball
1-0: Ball
2-0: Ball
3-0: Swinging Strike
3-1: Base on Balls
Alex Masters to second
Batting: LHB Andy Lewis 0-0: Called Strike
0-1: Ball
1-1: Called Strike
1-2: Strikes out looking
Batting: LHB Willie Cisneros 0-0: Called Strike
0-1: Ball
1-1: Fly out, F7 (Flyball, 7LS, EV 91.9 MPH)
Batting: RHB Mike Ruiz 0-0: Ball
1-0: Swinging Strike
1-1: Ball
2-1: Ball
3-1: Foul Ball, location: 23F
3-2: Foul Ball, location: 25F
3-2: Foul Ball, location: 25FF
3-2: Foul Ball, location: 2F
3-2: Strikes out looking
Bottom of the 3rd over - 0 runs, 1 hit, 0 errors, 2 left on base; Pittsburgh 6 - Arizona 0
TOP OF THE 4TH
Pittsburgh Pirates batting - Pitching for Arizona Diamondbacks : RHP Steve Kilbane
Pitching: RHP Andry Lara
Pinch Hitting: LHB Sam Cash 0-0: Ball
1-0: Foul Ball, location: 7LMF
1-1: Foul Ball, location: 25FF
1-2: SINGLE (Groundball, 4MD, EV 109.4 MPH)
Pinch Hitting: SHB Arol Vera 0-0: Ball
1-0: Ball
2-0: Called Strike
2-1: Fly out, F8 (Line Drive, 89D, EV 105.0 MPH)
Batting: SHB Randy Bollinger 0-0: Fly out, F8 (Flyball, 8LD, EV 78.8 MPH)
Batting: LHB Danny Crousse 0-0: Called Strike
Sam Cash steals 2nd, throwing error, E2
Sam Cash to third
0-1: Swinging Strike
0-2: Ball
1-2: Strikes out looking
Top of the 4th over - 0 runs, 1 hit, 1 error, 1 left on base; Pittsburgh 6 - Arizona 0
BOTTOM OF THE 4TH
Arizona Diamondbacks batting - Pitching for Pittsburgh Pirates : LHP Marc Brower
Now at 1B: Arol Vera
Now in CF: Sam Cash
Batting: RHB Chris Scheffer 0-0: Foul Ball, location: 2F
0-1: SINGLE (Line Drive, 56D, EV 95.0 MPH)
Batting: RHB Julio Bonilla 0-0: Foul Ball, location: 23FF
0-1: Ground out 5-3 (Groundball, 5S, EV 70.6 MPH)
Chris Scheffer to second
Batting: RHB Trevor Story 0-0: Ball
1-0: Fly out, F8 (Flyball, 8LD, EV 109.4 MPH)
Batting: LHB Corey Seager 0-0: Called Strike
0-1: Ball
1-1: Ball
2-1: Ball
3-1: Called Strike
3-2: DOUBLE (Line Drive, 78D, EV 95.0 MPH)
Chris Scheffer scores
Batting: LHB Alex Masters 0-0: Ground out 6-3 (Groundball, 6, EV 84.4 MPH)
Bottom of the 4th over - 1 run, 2 hits, 0 errors, 1 left on base; Pittsburgh 6 - Arizona 1
TOP OF THE 5TH
Pittsburgh Pirates batting - Pitching for Arizona Diamondbacks : RHP Andry Lara
Now at 1B: Gabe Robles
Batting: RHB Cam Gallagher 0-0: Swinging Strike
0-1: Ball
1-1: Ball
2-1: Foul Ball, location: 7LSF
2-2: Ball
3-2: Base on Balls
Pinch Hitting: SHB Adael Amador 0-0: Called Strike
0-1: Ball
1-1: Ball
2-1: Foul Ball, location: 2F
2-2: Strikes out swinging
Pinch Hitting: LHB Chris Rouse 0-0: Ball
1-0: Called Strike
1-1: SINGLE (Groundball, 56, EV 103.8 MPH)
Cam Gallagher to second
Pinch Hitting: RHB Chris Christine 0-0: Called Strike
0-1: Foul Ball, location: 2F
0-2: Ball
1-2: Fly out, F3 (Line Drive, 3L, EV 69.4 MPH)
Batting: LHB Bill Perez 0-0: Called Strike
0-1: Foul Ball, location: 23F
0-2: Strikes out swinging
Top of the 5th over - 0 runs, 1 hit, 0 errors, 2 left on base; Pittsburgh 6 - Arizona 1
BOTTOM OF THE 5TH
Arizona Diamondbacks batting - Pitching for Pittsburgh Pirates : LHP Marc Brower
Now at C: Ben Faulkner
Now at 2B: Adael Amador
Now at SS: Raul Espiridion
Now in LF: Chris Christine
Now in RF: Chris Rouse
Pinch Hitting: RHB Mike Roca 0-0: Ball
1-0: Ground out 6-3 (Groundball, 6, EV 105.6 MPH)
Pinch Hitting: RHB Justin Holland 0-0: Ball
1-0: Foul Ball, location: 2F
1-1: Ball
2-1: Ball
3-1: Foul Ball, location: 9LMF
3-2: Fly out, F8 (Flyball, 8RD, EV 80.6 MPH)
Batting: LHB Willie Cisneros 0-0: Called Strike
0-1: Ball
1-1: Ball
2-1: Ball
3-1: Base on Balls
Batting: RHB Mike Ruiz 0-0: Ball
1-0: Ground out 4-3 (Groundball, 4, EV 103.8 MPH)
Bottom of the 5th over - 0 runs, 0 hits, 0 errors, 1 left on base; Pittsburgh 6 - Arizona 1
TOP OF THE 6TH
Pittsburgh Pirates batting - Pitching for Arizona Diamondbacks : RHP Andry Lara
Pitching: LHP Deyer Zapata
Now at 3B: Ernie Friedman
Now at SS: Nate Swain
Now in CF: Justin Holland
Now in RF: Mike Roca
Batting: LHB Sam Cash 0-0: Ball
1-0: Called Strike
1-1: Swinging Strike
1-2: Ball
2-2: Foul Ball, location: 2F
2-2: Strikes out swinging
Batting: SHB Arol Vera 0-0: Ball
1-0: Swinging Strike
1-1: Swinging Strike
1-2: Strikes out swinging
Batting: LHB Ben Faulkner 0-0: Fly out, F6 (Line Drive, 6, EV 68.1 MPH)
Top of the 6th over - 0 runs, 0 hits, 0 errors, 0 left on base; Pittsburgh 6 - Arizona 1
BOTTOM OF THE 6TH
Arizona Diamondbacks batting - Pitching for Pittsburgh Pirates : LHP Marc Brower
Pitching: LHP Trevor Rogers
Batting: SHB Ernie Friedman 0-0: Swinging Strike
0-1: Fly out, F9 (Flyball, 89M, EV 85.0 MPH)
Batting: RHB Eric Mayfield 0-0: Ground out 5-3 (Groundball, 56S, EV 86.3 MPH)
Batting: RHB Gabe Robles 0-0: Ball
1-0: Ground out 5-3 (Groundball, 56S, EV 64.4 MPH)
Bottom of the 6th over - 0 runs, 0 hits, 0 errors, 0 left on base; Pittsburgh 6 - Arizona 1
TOP OF THE 7TH
Pittsburgh Pirates batting - Pitching for Arizona Diamondbacks : LHP Deyer Zapata
Now at C: Bo Naylor
Pinch Hitting: SHB Andres Barrera 0-0: Ball
1-0: DOUBLE (Line Drive, 7LS, EV 102.5 MPH)
Batting: RHB Raul Espiridion 0-0: Called Strike
0-1: Swinging Strike
0-2: Foul Ball, location: 7LMF
0-2: Strikes out swinging
Batting: SHB Adael Amador 0-0: Ball
1-0: Foul Ball, location: 5F
1-1: Foul Ball, location: 3F
1-2: Ball
2-2: Ground out 5-3 (Groundball, 56, EV 83.1 MPH)
Batting: LHB Chris Rouse 0-0: Ball
Wild Pitch!
Andres Barrera to third
1-0: Ball
2-0: Ball
3-0: Called Strike
3-1: Foul Ball, location: 2LF
3-2: Foul Ball, location: 5FF
3-2: Fly out, F6 (Popup, 56D, EV 69.4 MPH)
Top of the 7th over - 0 runs, 1 hit, 0 errors, 1 left on base; Pittsburgh 6 - Arizona 1
BOTTOM OF THE 7TH
Arizona Diamondbacks batting - Pitching for Pittsburgh Pirates : LHP Trevor Rogers
Pitching: RHP Edgar Manzo
Now at 1B: Triston Casas
Now at 3B: Arol Vera
Batting: RHB Nate Swain 0-0: Ball
1-0: Fly out, F8 (Flyball, 8LD, EV 94.4 MPH)
Batting: LHB Alex Masters 0-0: Swinging Strike
0-1: Swinging Strike
0-2: Strikes out looking
Batting: RHB Mike Roca 0-0: Called Strike
0-1: Foul Ball, location: 9LDF
0-2: Ball
1-2: Ball
2-2: Ball
3-2: SINGLE (Line Drive, 7S, EV 98.8 MPH)
Batting: RHB Justin Holland 0-0: Called Strike
0-1: Ball
1-1: Called Strike
1-2: Strikes out swinging
Bottom of the 7th over - 0 runs, 1 hit, 0 errors, 1 left on base; Pittsburgh 6 - Arizona 1
TOP OF THE 8TH
Pittsburgh Pirates batting - Pitching for Arizona Diamondbacks : LHP Deyer Zapata
Pitching: LHP Yoan Aybar
Batting: RHB Chris Christine 0-0: SINGLE (Groundball, 6, EV 107.5 MPH) (infield hit)
Batting: LHB Solomon Maguire 0-0: Fielders Choice at 2nd, 4-6 (Groundball, 34, EV 106.9 MPH)
Batting: LHB Sam Cash 0-0: Foul Ball, location: 7LSF
0-1: Swinging Strike
0-2: Ball
1-2: Ball
2-2: Strikes out looking
Batting: SHB Arol Vera 0-0: Called Strike
0-1: Fly out, F8 (Line Drive, 89M, EV 96.3 MPH)
Top of the 8th over - 0 runs, 1 hit, 0 errors, 1 left on base; Pittsburgh 6 - Arizona 1
BOTTOM OF THE 8TH
Arizona Diamondbacks batting - Pitching for Pittsburgh Pirates : RHP Edgar Manzo
Pitching: RHP Francis Rivera
Pinch Hitting: RHB Cesar Gomez 0-0: Ball
1-0: Ball
2-0: SINGLE (Groundball, 4MD, EV 98.1 MPH)
Batting: LHB Bo Naylor 0-0: Called Strike
0-1: Ball
1-1: SINGLE (Groundball, 34D, EV 108.1 MPH)
Cesar Gomez to second
Runner from 2nd tries for 3rd, SAFE, throw by RF made to third
Bo Naylor to second
Batting: SHB Ernie Friedman 0-0: Fly out, F5 (Popup, 56S, EV 68.8 MPH)
Batting: RHB Eric Mayfield 0-0: Ball
1-0: Ball
2-0: Called Strike
2-1: Called Strike
2-2: Ball
3-2: Fly out, F7 (Flyball, 7D, EV 82.5 MPH)
Runner from 3rd tags up, SCORES, throw by LF
Bo Naylor to third
Pinch Hitting: LHB Jake Weider 0-0: Ball
1-0: Called Strike
1-1: Foul Ball, location: 9LDF
1-2: SINGLE (Groundball, 56, EV 80.6 MPH)
Bo Naylor scores
Pinch Hitting: LHB Steve Peters 0-0: Called Strike
0-1: Ball
1-1: Fielders Choice at 2nd, 5-4 (Groundball, 5L, EV 89.4 MPH)
Bottom of the 8th over - 2 runs, 3 hits, 0 errors, 1 left on base; Pittsburgh 6 - Arizona 3
TOP OF THE 9TH
Pittsburgh Pirates batting - Pitching for Arizona Diamondbacks : LHP Yoan Aybar
Pitching: RHP Reinaldo De Paula
Now at 1B: Jake Weider
Now at SS: Cesar Gomez
Now in LF: Mike Roca
Now in RF: Steve Peters
Batting: LHB Ben Faulkner 0-0: Called Strike
0-1: Ground out 1-3 (Groundball, 15S, EV 66.3 MPH)
Batting: LHB Triston Casas 0-0: Foul Ball, location: 2F
0-1: Ball
1-1: Ball
2-1: Ball
3-1: Base on Balls
Batting: RHB Raul Espiridion 0-0: Called Strike
0-1: Ball
1-1: Ball
2-1: Foul Ball, location: 7LDF
2-2: Ball
3-2: Foul Ball, location: 23FF
3-2: Grounds into double play, 6-4-3 (Groundball, 6, EV 91.9 MPH)
Top of the 9th over - 0 runs, 0 hits, 0 errors, 0 left on base; Pittsburgh 6 - Arizona 3
BOTTOM OF THE 9TH
Arizona Diamondbacks batting - Pitching for Pittsburgh Pirates : RHP Francis Rivera
Pitching: RHP Jeremy McAllister
Batting: LHB Alex Masters 0-0: Ball
1-0: SINGLE (Line Drive, 9S, EV 98.1 MPH)
Batting: RHB Mike Roca 0-0: Ball
1-0: Ball
2-0: Foul Ball, location: 2F
2-1: SINGLE (Line Drive, 56, EV 98.1 MPH)
Alex Masters to second
Batting: RHB Justin Holland 0-0: Ball
1-0: Foul Ball, location: 2F
1-1: Foul Ball, location: 7LSF
1-2: Ball
2-2: Strikes out swinging
Batting: RHB Cesar Gomez 0-0: Ball
1-0: Fly out, F8 (Flyball, 8RS, EV 95.6 MPH)
Batting: LHB Bo Naylor 0-0: Ball
1-0: Called Strike
1-1: Foul Ball, location: 2F
1-2: Strikes out swinging
Bottom of the 9th over - 0 runs, 2 hits, 0 errors, 2 left on base; Pittsburgh 6 - Arizona 3
Friday, February 23rd , 2024 - OOTP Baseball 24.7 Build 72